Map: Thunderbird LE

Players

GOReynor (Reynor)

  • Race: Zerg Zerg
  • League: Master
  • Spawn Location: 5:00

DPGPartinG (PartinG) - Winner!

  • Race: Protoss Protoss
  • Spawn Location: 11:00

Event: HomeStory Cup XX

VOD

Have the link to the VOD?

Description

Time

  • Played on: Nov. 21, 2019, 11:36 a.m.
  • Length: 8:45

All games in this series

Show
View Real Time Build Order
Export as new Build Order

GOReynor Zerg 

Build Orders: Hatch First 

Get SALT Encoding   

  12  0:00  Drone  
  13  0:12  Overlord  
  13  0:16  Drone  
  14  0:30  Drone x2  
  16  0:47  Hatchery  
  15  0:51  Drone  
  15  0:54  Drone  
  17  0:57  Drone  
  18  1:08  Extractor  
  17  1:13  Spawning Pool  
  17  1:16  Drone  
  17  1:19  Drone  
  18  1:27  Drone  
  19  1:41  Drone  
  20  1:49  Overlord  
  20  1:59  Queen  
  20  2:00  Zergling x4  
  26  2:05  Spine Crawler  
  26  2:06  Spine Crawler  
  22  2:09  Spine Crawler  
  22  2:11  Zergling x2  
  22  2:19  Spine Crawler  
  22  2:21  Zergling x2  
  22  2:24  Zergling x2  
  22  2:28  Zergling x2  
  24  2:31  Zergling x2  
  24  2:34  Zergling x2  
  26  2:42  Zergling x2  
  25  2:51  Zergling x2  
  25  2:57  Zergling x2  
  19  2:59  Zergling x2  
  20  3:05  Zergling x2  
  20  3:11  Zergling x2  
  21  3:16  Zergling x2  
  21  3:19  Zergling x2  
  22  3:23  Zergling x2  
  22  3:24  Zergling x2  
  24  3:33  Zergling x4  
  26  3:38  Zergling x2  
  26  3:40  Zergling x2  
  27  3:45  Drone  
  24  3:50  Drone  
  24  3:52  Drone  
  25  4:01  Drone x2  
  27  4:09  Overlord  
  27  4:13  Drone  
  27  4:15  Drone  
  29  4:17  Drone  
  29  4:22  Drone  
  32  4:24  Drone  
  32  4:27  Drone  
  33  4:34  Queen  
  33  4:36  Drone  
  36  4:39  Drone  
  36  4:45  Queen  
  34  4:48  Drone  
  34  4:50  Drone  
  38  4:53  Zergling x2  
  38  4:55  Zergling x2  
  38  4:57  Zergling x2  
  38  4:59  Zergling x2  
  42  5:05  Overlord  
  42  5:12  Drone  
  43  5:15  Spore Crawler  
  43  5:16  Zergling x2  
  43  5:23  Queen  
  43  5:27  Queen  
  47  5:29  Zergling x2  
  47  5:31  Zergling x2  
  48  5:36  Zergling x4  
  48  5:38  Zergling x2  
  51  5:47  Spawning Pool  
  50  5:56  Zergling x4  
  51  5:57  Zergling x2  
  51  6:00  Overlord  
  51  6:06  Queen  
  51  6:10  Queen  
  51  6:13  Zergling x2  
  51  6:15  Zergling x2  
  51  6:20  Zergling x6  
  51  6:22  Overlord  
  54  6:28  Spawning Pool, Drone  
  55  6:35  Zergling x4  
  55  6:36  Zergling x6  
  56  6:42  Zergling x8, Queen  
  56  6:46  Zergling x2  
  62  6:52  Zergling x2  
  62  6:53  Queen  
  58  6:56  Zergling x2  
  58  7:01  Metabolic Boost, Zergling x2, Spine Crawler  
  59  7:05  Zergling x2  
  59  7:06  Zergling x2  
  55  7:11  Zergling x4  
  55  7:14  Zergling x2  
  54  7:18  Zergling x2  
  54  7:20  Queen  
  51  7:23  Zergling x2  
  51  7:24  Zergling x2  
  51  7:25  Zergling x2  
  51  7:28  Zergling x2  
  52  7:31  Zergling x2  
  52  7:34  Zergling x4  
  52  7:36  Zergling x2  
  52  7:39  Zergling x2  
  52  7:42  Queen  
  52  7:47  Zergling x4  
  48  7:53  Zergling x2  
  48  7:56  Zergling x2  
  48  8:04  Zergling x8  
  50  8:08  Zergling x2  
  51  8:20  Zergling x2  
Show
View Real Time Build Order
Export as new Build Order

DPGPartinG Protoss - Winner!

Build Orders: Cannon Rush 

Get SALT Encoding   

  12  0:00  Probe  
  13  0:12  Probe  
  14  0:17  Pylon  
  14  0:24  Probe  
  15  0:32  Probe  
  15  0:36  Gateway  
  15  0:40  Probe  
  17  0:51  Forge  
  17  0:54  Probe  
  18  1:00  Assimilator  
  18  1:06  Probe  
  19  1:18  Probe  
  19  1:24  Cybernetics Core, Pylon  
  20  1:43  Photon Cannon  
  20  1:45  Photon Cannon  
  20  1:48  Probe  
  21  1:57  Photon Cannon  
  21  2:12  Robotics Facility  
  21  2:17  Photon Cannon  
  21  2:26  Photon Cannon  
  21  2:37  Shield Battery  
  21  2:39  Shield Battery  
  21  2:47  Immortal  
  24  3:20  Pylon  
  24  3:21  Shield Battery  
  24  3:27  Robotics Facility  
  24  3:40  Shield Battery  
  24  3:48  Photon Cannon  
  24  3:55  Photon Cannon  
  20  3:56  Shield Battery  
  20  4:00  Shield Battery  
  20  4:07  Observer  
  20  4:11  Pylon  
  21  4:18  Immortal  
  21  4:23  Shield Battery  
  25  4:36  Shield Battery  
  25  4:42  Shield Battery  
  25  4:52  Warp Prism  
  27  5:00  Assimilator  
  27  5:05  Probe  
  28  5:07  Observer  
  28  5:17  Observer  
  28  5:18  Shield Battery  
  28  5:23  Immortal  
  31  5:43  Pylon  
  31  5:51  Shield Battery  
  31  5:52  Warp Gate  
  31  5:53  Probe  
  32  5:58  Immortal  
  36  6:15  Shield Battery  
  36  6:33  Immortal  
  36  6:36  Shield Battery  
  40  6:54  Shield Battery  
  40  6:55  Shield Battery  
  40  7:06  Immortal  
  44  7:30  Shield Battery x2  
  44  7:46  Pylon  
  44  7:57  Pylon  
  44  8:00  Immortal  
  44  8:04  Shield Battery  
  48  8:14  Adept  
  48  8:16  Shield Battery  
  48  8:18  Shield Battery  
Tags
 
Add a new tag
Caveats
  • Supply blocks, unpowered buildings, or Contaminate may cause inaccurate times.
  • Supply counts are checked every 10 seconds.